 Dungeon Crawl Stone Soup version 0.31-a0-177-g4aa6249778 (webtiles) character file.

Game seed: 2646868763100230497

23 qw the Shield-Bearer (level 2, -4/19 HPs)
             Began as a Gargoyle Fighter on June 18, 2023.
             Slain by a gnoll
             ... wielding a +0 halberd
              (5 damage)
             ... on level 2 of the Dungeon.
             The game lasted 00:00:23 (680 turns).

qw the Shield-Bearer (Gargoyle Fighter)              Turns: 680, Time: 00:00:23

Health: -4/19      AC:  9    Str: 19    XL:     2   Next: 95%
Magic:  2/2        EV:  9    Int:  8    God:
Gold:   66         SH:  4    Dex:  9    Spells: 1/1 levels left

rFire   . . .        Y - +0 war axe
rCold   . . .        c - +0 buckler
rNeg    + . .        b - +0 scale mail
rPois   inf          (no helmet)
rElec   +            (no cloak)
rCorr   .            (no gloves)
SInv    .            (no boots)
Will    .....        (no amulet) Stlth
                     (no ring)
HPRegen 0.23/turn    (no ring)
MPRegen 0.08/turn

%: no passive effects
@: no status effects
A: sickness immunity, AC +2, negative energy resistance 1, electricity
resistance, torment resistance 1, petrification resistance
a: no special abilities


You were on level 2 of the Dungeon.
You visited 1 branch of the dungeon, and saw 2 of its levels.

You collected 66 gold pieces.


Innate Abilities, Weirdness & Mutations

You are immune to sickness and miasma.
Your stone body is resilient. (AC +2)
You are immune to poison.
You resist negative energy. (rN+)
You are resistant to electric shocks. (rElec)
You are resistant to unholy torment.
You are immune to petrification.


   Skills:
 - Level 3.2 Fighting
 + Level 3.0 Axes
 - Level 3.2 Armour
 - Level 3.2 Shields


You had one spell level left.
You didn't know any spells.
Your spell library was empty.

Inventory:

Hand Weapons
 g - a +0 club
 Y - a +0 war axe (weapon)
Armour
 b - a +0 scale mail (worn)
 c - a +0 buckler (worn)
Potions
 d - a potion of might
 f - a potion of curing

Dungeon Overview and Level Annotations

Branches:
Dungeon (2/15)

Altars:


Message History

You feel better.
Done exploring.
(D) Dungeon
Where to? (* - list waypoints, ? - help)
What level of the Dungeon? (default 1, ? - help)
There is a stone staircase leading down here.
You climb downwards.
There is a stone staircase leading up here.
Waypoint 1 assigned to D:2.
A kobold comes into view. It is wielding a +0 dagger.
The kobold shouts!
The kobold closely misses you.
You hit the kobold.
You kill the kobold!
Things that are here:
a +0 dagger; 4 stones You now have 66 gold pieces (gained 8).
Found a stone staircase leading up. 2 gnolls come into view.
Found a stone staircase leading down.
The gnoll shouts!
You hear a shout!
A gnoll comes into view. It is wielding a +0 halberd.
A gnoll comes into view. It is wielding a +0 spear.
The gnoll moves out of view.
674 ||| Stepping ~*~*~tactically~*~*~ (hiding).
You start waiting.
A gnoll is nearby!
The gnoll hits you but does no damage. The gnoll barely misses you.
The gnoll barely misses you. The gnoll hits you with a +0 spear.
You barely miss the gnoll. x3
The gnoll hits you with a +0 halberd! You block the gnoll's attack. x2
The gnoll hits you but does no damage.
You barely miss the gnoll. You hit the gnoll but do no damage. x2
The gnoll closely misses you. x3; The gnoll hits you but does no damage.
The gnoll completely misses you.
The gnoll hits you from afar with a +0 spear.
The gnoll hits you with a +0 halberd. x2
You barely miss the gnoll. You hit the gnoll. You closely miss the gnoll.
The gnoll hits you with a +0 halberd.
You die...

### ### #..
....###.#
#.....gg##
+.>..g.@.#
#.....g#.#
#......#.#
#......#.#
#......#.#
.#+#####.#
#.# #.#
#.##########


You could see 4 gnolls.

Vanquished Creatures
  2 dart slugs (D:1)
  2 ball pythons (D:1)
  2 bats (D:1)
  An endoplasm (D:1)
  2 goblins (D:1)
  2 hobgoblins (D:1)
  3 kobolds
  6 rats (D:1)
20 creatures vanquished.

Notes
Turn   | Place    | Note
-------+----------+-------------------------------------------
     0 | D:1      | qw the Gargoyle Fighter began the quest for the Orb.
     0 | D:1      | Reached XP level 1. HP: 14/14 MP: 1/1
     0 | D:1      | 0 ||| qw: Version: 0.3-a-5-g6f28e65
     0 | D:1      | 0 ||| qw: Game counter: 661
     0 | D:1      | 0 ||| qw: Always use a shield: true
     0 | D:1      | 0 ||| qw: God list: Okawaru
     0 | D:1      | 0 ||| qw: Allow faded altars: false
     0 | D:1      | 0 ||| qw: Do Orc after D:15 true
     0 | D:1      | 0 ||| qw: Do second Lair branch before Depths: true
     0 | D:1      | 0 ||| qw: Lair rune preference: random
     0 | D:1      | 0 ||| qw: Plans: Normal, Zot:1-4, Slime:5, God:TSO, Crypt,
                  | Tomb, Abyss, Pan, Hells, Win
     0 | D:1      | 0 ||| PLANNING D:1-11
    27 | D:1      | 27 ||| Stepping ~*~*~tactically~*~*~ (hiding).
    31 | D:1      | 31 ||| Stepping ~*~*~tactically~*~*~ (hiding).
    60 | D:1      | Reached XP level 2. HP: 19/19 MP: 2/2
   118 | D:1      | 118 ||| Stepping ~*~*~tactically~*~*~ (hiding).
   295 | D:1      | Reached skill level 3 in Axes
   577 | D:1      | 577 ||| READING scroll labelled BOANORY ZAMU.
   580 | D:1      | 580 ||| READING scroll labelled UNAYZXYATU.
   581 | D:1      | 581 ||| READING scroll labelled EHYM DAIRGHUDGH.
   582 | D:1      | 582 ||| DRINKING 2 murky dark potions.
   674 | D:2      | 674 ||| Stepping ~*~*~tactically~*~*~ (hiding).
   679 | D:2      | HP: 3/19 [gnoll/+0 halberd (5)]
   679 | D:2      | HP: 1/19 [gnoll/+0 halberd (2)]
   680 | D:2      | Slain by a gnoll

Levels and vault maps discovered:
D:1:      onia_arrival_handbag, layout_basic, minmay_tree_intersection
D:2:      layout_basic

Skill      XL: |  1  2 |
---------------+-------+-----
Axes           | 2 3 |  3.0
Fighting       | |  3.2
Armour         | |  3.2
Shields        | |  3.2

Action                     || total
---------------------------++-------
  Melee: War axe           ||    49
    Use: Scroll            ||     3
         Potion            ||     1
 Armour: Scale mail        ||    24
  Dodge: Dodged            ||    27
  Block: Buckler           ||     7

Table legend:
 A = Non-vault XP
 B = Vault XP
 C = Vault XP percentage of total XP
 D = Non-vault monster count
 E = Vault monster count
 F = Vault count percentage of total count
                 A         B        C        D         E       F
            +---------+---------+-------+---------+---------+-------
      Total |      28 |       5 |  15.2 |      16 |       4 |  20.0
            +---------+---------+-------+---------+---------+-------
        D:1 |      27 |       5 |  15.6 |      15 |       4 |  21.1
        D:2 |       1 |       0 |   0.0 |       1 |       0 |   0.0
            +---------+---------+-------+---------+---------+-------
